 Dungeon Sprint DCSS version 0.29-a0-350-g7790a0e70a (webtiles) character file.

Game seed: 4969074969385045083

52551 mhtbhm the Axe Maniac (level 14, -7/168 HPs)
             Began as a Minotaur Berserker on Apr 22, 2022.
             Was the Champion of Trog.
             Mangled by a stone giant (20 damage)
             ... in the Dungeon (Sprint IX: "|||||||||||||||||||||||||||||").
             The game lasted 00:07:39 (3761 turns).

mhtbhm the Axe Maniac (Minotaur Berserker)          Turns: 3761, Time: 00:07:40

Health: -7/168     AC: 31    Str: 30    XL:     14   Next: 27%
Magic:  13/13      EV: 14    Int:  4    God:    Trog [******]
Gold:   1138       SH:  0    Dex: 10    Spells: 13/13 levels left

rFire   . . .      SeeInvis .   a - +7 executioner's axe (flame)
rCold   + . .      Faith    .   (shield currently unavailable)
rNeg    . . .      Spirit   .   b - +3 plate armour {rC+}
rPois   .          Reflect  .   (helmet restricted)
rElec   .          Harm     .   k - +0 cloak
rCorr   .          Rampage  .   u - +1 pair of gloves
Will    +++..      NoTele   +   l - +0 pair of boots
Stlth   ..........              (no amulet)
HPRegen 1.38/turn               m - +3 ring of strength
MPRegen 0.13/turn               n - +2 ring of evasion

@: strong-willed, on berserk cooldown, regenerating, slowed, very slow
A: horns 2, retaliatory headbutt
a: Renounce Religion, Berserk, Trog's Hand, Brothers in Arms


You were in the Dungeon.
You worshipped Trog.
Trog was exalted by your worship.
You visited 1 branch You collected 1932 gold pieces.
You spent 794 gold pieces at shops.

Inventory:

Hand Weapons
 a - a +7 executioner's axe of flaming (weapon)
 s - a +1 vampiric broad axe
 t - a +4 broad axe of venom
Missiles
 v - 6 javelins (quivered)
Armour
 b - a +3 plate armour of cold resistance (worn)
 k - a +0 cloak (worn)
 l - a +0 pair of boots (worn)
 u - a +1 pair of gloves (worn)
Jewellery
 m - a +3 ring of strength (left hand)
 n - a +2 ring of evasion (right hand)
 B - a ring of fire
 C - a ring of ice
Wands
 j - a wand of acid (3)
Scrolls
 h - 5 scrolls of blinking
 p - 2 scrolls of identify
 q - 9 scrolls of enchant armour
 r - 2 scrolls of enchant weapon
 w - a scroll of fog
 y - 3 scrolls of immolation
 D - a scroll of fear
Potions
 c - 9 potions of curing
 d - 2 potions of heal wounds
 e - a potion of haste
 f - 4 potions of magic
 g - 4 potions of berserk rage
 i - a potion of invisibility
 o - 2 potions of might
 z - a potion of ambrosia


   Skills:
 O Level 27 Fighting
 O Level 27 Axes
 + Level 6.1 Throwing
 + Level 23.8 Armour
 + Level 10.9 Dodging
 + Level 1.1 Stealth
 + Level 3.4 Evocations


You had 13 spell levels left.
You didn't know any spells.
Your spell library was empty.

Dungeon Overview and Level Annotations

Branches:
Dungeon (1/1)

Altars:
Cheibriados
Dithmenos
Elyvilon
Fedhas
Gozag
Hepliaklqana
Kikubaaqudgha
Makhleb
Nemelex Xobeh
Okawaru
Qazlal
Ru
Sif Muna
Trog
Uskayaw
Vehumet
Wu Jian
Xom
Yredelemnul
Zin
The Shining One
Beogh
Jiyva
Lugonu

Shops:
D ((!


Innate Abilities, Weirdness & Mutations

You have a pair of horns on your head.
You reflexively headbutt those who attack you in melee.


Message History

The glowing orange brain seems to be corroded for longer.
You kill the glowing orange brain!
Trog accepts your kill.
The bolt of acid hits something!
The acid corrodes something!
The stone giant hits you.
* * * LOW HITPOINT WARNING * * *
Something hits you but does no damage. Something bites you.
* * * LOW HITPOINT WARNING * * *
Something draws strength from your injuries!
Unknown command.
Unknown command.
Your skin crawls.
You feel strong-willed. Something hits you!
* * * LOW HITPOINT WARNING * * *
Something bites you but does no damage.
The stone giant hits you but does no damage.
You hear some strange, mumbled words.
Something tries to affect you, but you resist.
A stone giant comes into view.
The stone giant misses you.
Unknown command.
Unknown command.
Aiming: Corrosive Bolt
Press: ? - help, Shift-Dir - straight line, f/p - stone giant
Aim: a stone giant, quivering large rocks (heavily wounded, covered in acid, 100% to hit)
The bolt of acid hits the stone giant!
The stone giant seems to be corroded for longer.
The stone giant is heavily wounded.
The bolt of acid hits the stone giant!!
The stone giant seems to be corroded for longer.
The stone giant is heavily wounded.
The bolt of acid hits something!
The bolt of acid hits the ice dragon!
The acid corrodes the ice dragon!
The ice dragon is lightly wounded.
The stone giant shouts!
Something hits you!
* * * LOW HITPOINT WARNING * * *
Something bites you but does no damage. The stone giant hits you!!
You die...

,,+,,,,,,,,,,,,,+,,,,,,,,,,,,,+,,
*********************************
,,,,,,,,,,,,,,,,,,,,,,,,,,,,,,,,,
*********************************
,,,,,,,,,,,,,,,,,,,,,,,,,+,,,,,,,
*********************************
,,,,,,,,,,,,,,,,,,,,,,,,,,,,,,,,,
*********▓▓▓▓▓▓▓▓▓▓▓▓▓▓▓▓▓▓▓▓▓▓▓▓
,+,,,,,,,.C.D{CC@).(()...........
▓▓▓▓▓▓▓▓▓▓▓▓▓▓▓▓▓▓▓▓▓▓▓▓▓▓▓▓▓▓▓▓▓
.................................
▓▓▓▓▓▓▓▓▓▓▓▓▓▓▓▓▓▓▓▓▓▓▓▓▓▓▓▓▓▓▓▓▓
))).......††)..)..).))'..........
▓▓▓▓▓▓▓▓▓▓▓▓▓▓▓▓▓▓▓▓▓▓▓▓▓▓▓▓▓▓▓▓▓
.............................)...
▓▓▓▓▓▓▓▓▓▓▓▓▓▓▓▓▓▓▓▓▓▓▓▓▓▓▓▓▓▓▓▓▓
.!....[[[[[[=[.)))))))).....'....


You could see an ice dragon (corroded) and 3 stone giants.

Vanquished Creatures
  Rupert (D)
  Frances (D)
  A fenstrider witch (shapeshifter) (D)
  A frost giant (D)
  A nagaraja (D)
  A fire giant (D)
  A ghost moth (D)
  A broodmother (D)
  2 very ugly things (D)
  An eleionoma (D)
  3 stone giants (D)
  An entropy weaver (D)
  A bunyip (D)
  An ettin (D)
  Snorg (D)
  Josephine (D)
  3 hydras (D)
  2 boulder beetles (D)
  2 rakshasas (D)
  A merfolk avatar (D)
  2 centaur warriors (D)
  Erica (D)
  A merfolk aquamancer (D)
  A naga warrior (D)
  An alligator (D)
  A deep troll shaman (D)
  2 tengu warriors (D)
  A spriggan berserker (D)
  9 orc high priests (D)
  A shock serpent (D)
  A deep troll earth mage (D)
  Urug (D)
  2 salamander mystics (D)
  2 pharaoh ants (D)
  A spriggan druid (D)
  A wizard (D)
  An orb spider (D)
  A glowing orange brain (D)
  7 orc knights (D)
  An orc sorcerer (D)
  2 manticores (D)
  A will-o-the-wisp (D)
  2 ugly things (D)
  A merfolk siren (D)
  4 black mambas (D)
  A guardian serpent (D)
  3 cane toads (D)
  A demonic crawler (D)
  A kobold demonologist (D)
  A komodo dragon (D)
  6 polar bears (D)
  A merfolk (D)
  A tyrant leech (D)
  A slime creature (D)
  2 hornets (D)
  3 blink frogs (D)
  2 snapping turtles (D)
  A spriggan (D)
  A culicivora (D)
  A water elemental (D)
  4 wraiths (D)
  3 yaks (D)
  A redback (D)
  3 vampire mosquitoes (D)
  3 water moccasins (D)
  8 orc warriors (D)
  2 black bears (D)
  A wolf (D)
  A centaur (D)
  A phantom (D)
  2 bullfrogs (D)
  A killer bee (D)
  2 howler monkeys (D)
  An orc priest (D)
  5 orc wizards (D)
  A hell rat (D)
  An adder (D)
  A shadow imp (D)
  A dart slug (D)
  8 orcs (D)
  A goblin (D)
  A ball python (D)
  A bat (D)
  A bat simulacrum (D)
  A rat (D)
156 creatures vanquished.

Vanquished Creatures (collateral kills)
  A merfolk (D)
1 creature vanquished.

Vanquished Creatures (others)
  2 foxfires (D)
2 creatures vanquished.

Grand Total: 159 creatures vanquished

Notes
Turn   | Place    | Note
-------+----------+-------------------------------------------
     0 | D        | mhtbhm the Minotaur Berserker began the quest for the Orb.
     0 | D        | Reached XP level 1. HP: 19/19 MP: 0/0
    10 | D        | Reached ** piety under Trog
   199 | D        | Noticed a phantom
   199 | D        | Noticed a howler monkey
   203 | D        | Killed a howler monkey
   204 | D        | Reached XP level 2. HP: 30/30 MP: 1/1
   204 | D        | Reached XP level 3. HP: 37/37 MP: 2/2
   205 | D        | Reached *** piety under Trog
   209 | D        | Killed a phantom
   210 | D        | Reached XP level 4. HP: 48/48 MP: 3/3
   258 | D        | Found a snail-covered altar of Cheibriados.
   258 | D        | Found a shadowy altar of Dithmenos.
   258 | D        | Found a white marble altar of Elyvilon.
   258 | D        | Found a blossoming altar of Fedhas.
   258 | D        | Found an opulent altar of Gozag.
   259 | D        | Found a hazy altar of Hepliaklqana.
   260 | D        | Found a viscous altar of Jiyva.
   261 | D        | Found an ancient bone altar of Kikubaaqudgha.
   262 | D        | Found a corrupted altar of Lugonu.
   263 | D        | Found a burning altar of Makhleb.
   264 | D        | Found a sparkling altar of Nemelex Xobeh.
   265 | D        | Found an iron altar of Okawaru.
   266 | D        | Found a stormy altar of Qazlal.
   267 | D        | Found a sacrificial altar of Ru.
   268 | D        | Found a shimmering blue altar of Sif Muna.
   269 | D        | Found a bloodstained altar of Trog.
   270 | D        | Found a hide-covered altar of Uskayaw.
   271 | D        | Found a radiant altar of Vehumet.
   272 | D        | Found an ornate altar of the Wu Jian Council.
   273 | D        | Found a shimmering altar of Xom.
   274 | D        | Found a basalt altar of Yredelemnul.
   275 | D        | Found a glowing silver altar of Zin.
   276 | D        | Found a glowing golden altar of the Shining One.
   329 | D        | Noticed a centaur
   329 | D        | Noticed a hornet
   329 | D        | Noticed a yak
   329 | D        | Noticed a kobold demonologist
   329 | D        | Noticed a komodo dragon
   336 | D        | Killed a komodo dragon
   336 | D        | Reached **** piety under Trog
   337 | D        | Reached skill level 5 in Dodging
   337 | D        | Reached XP level 5. HP: 60/60 MP: 4/4
   337 | D        | Reached XP level 6. HP: 68/68 MP: 5/5
   341 | D        | Killed a kobold demonologist
   342 | D        | Reached XP level 7. HP: 77/77 MP: 6/6
   344 | D        | Killed a yak
   346 | D        | Paralysed by a hornet for 3 turns
   359 | D        | Killed a hornet
   360 | D        | Reached XP level 8. HP: 41/86 MP: 7/7
   499 | D        | Noticed a boulder beetle
   499 | D        | Noticed a centaur warrior
   499 | D        | Noticed a tengu warrior
   499 | D        | Noticed a centaur warrior
   504 | D        | Killed a centaur warrior
   504 | D        | Reached ***** piety under Trog
   505 | D        | Reached skill level 15 in Axes
   507 | D        | Killed a boulder beetle
   508 | D        | Reached skill level 15 in Fighting
   508 | D        | Reached XP level 9. HP: 97/97 MP: 8/8
   509 | D        | Killed a tengu warrior
   517 | D        | Killed a centaur warrior
   518 | D        | Reached skill level 10 in Armour
   518 | D        | Received a gift from Trog
   662 | D        | Noticed a cane toad
   662 | D        | Noticed a black mamba
   662 | D        | Noticed a cane toad
   667 | D        | Killed a cane toad
   668 | D        | Reached XP level 10. HP: 110/110 MP: 9/9
   670 | D        | Killed a black mamba
   672 | D        | Killed a cane toad
   676 | D        | Received a gift from Trog
   835 | D        | Noticed a cane toad
   835 | D        | Noticed a five-headed hydra
   838 | D        | Noticed a five-headed hydra
   842 | D        | Killed a nine-headed hydra
   847 | D        | Killed a cane toad
   855 | D        | Killed a nine-headed hydra
   855 | D        | Reached ****** piety under Trog
   859 | D        | Received a gift from Trog
  1017 | D        | Reached XP level 11. HP: 121/121 MP: 10/10
  1032 | D        | Received a gift from Trog
  1123 | D        | Noticed Urug
  1138 | D        | Killed Urug
  1235 | D        | Received a gift from Trog
  1254 | D        | Received a gift from Trog
  1408 | D        | Noticed an orc sorcerer
  1408 | D        | Noticed an orc knight
  1413 | D        | Killed an orc knight
  1415 | D        | Noticed an orc high priest
  1416 | D        | Killed an orc sorcerer
  1417 | D        | Noticed an orc knight
  1426 | D        | Received a gift from Trog
  1428 | D        | Killed an orc high priest
  1435 | D        | Killed an orc knight
  1436 | D        | Reached skill level 15 in Armour
  1482 | D        | Found Beatargh's Distillery.
  1482 | D        | Noticed an orc high priest
  1482 | D        | Noticed an orc knight
  1482 | D        | Noticed an orc high priest
  1482 | D        | Noticed an orc high priest
  1482 | D        | Noticed an orc knight
  1483 | D        | Noticed a sixfirhy
  1485 | D        | Noticed a sun demon
  1488 | D        | Killed an orc knight
  1489 | D        | Noticed an orc high priest
  1502 | D        | Killed an orc high priest
  1503 | D        | Found Dakuleg's Antique Weapon Shop.
  1506 | D        | Killed an orc high priest
  1506 | D        | Received a gift from Trog
  1507 | D        | Reached skill level 1 in Stealth
  1507 | D        | Noticed a sun demon
  1508 | D        | Noticed an orc knight
  1515 | D        | Found Dudurhu's Magic Scroll Boutique.
  1515 | D        | Noticed an orc high priest
  1521 | D        | Killed an orc knight
  1522 | D        | Noticed an orc high priest
  1524 | D        | Noticed a sixfirhy
  1524 | D        | Killed an orc high priest
  1525 | D        | Found Toobax's Antique Weapon Shop.
  1533 | D        | Killed an orc high priest
  1534 | D        | Noticed an orc high priest
  1541 | D        | Killed an orc knight
  1542 | D        | Reached XP level 12. HP: 66/136 MP: 11/11
  1543 | D        | Killed an orc high priest
  1544 | D        | Reached skill level 10 in Dodging
  1546 | D        | Noticed an orc high priest
  1550 | D        | Killed an orc high priest
  1550 | D        | Received a gift from Trog
  1557 | D        | Killed an orc high priest
  1563 | D        | Killed an orc high priest
  1739 | D        | Bought a scroll of fog for 24 gold pieces
  1739 | D        | Bought a scroll of identify for 24 gold pieces
  1739 | D        | Bought a scroll of enchant armour for 90 gold pieces
  1739 | D        | Bought a scroll of magic mapping for 42 gold pieces
  1739 | D        | Bought a scroll of blinking for 90 gold pieces
  1739 | D        | Bought a scroll of blinking for 90 gold pieces
  1739 | D        | Bought a scroll of immolation for 42 gold pieces
  1739 | D        | Bought a scroll of immolation for 42 gold pieces
  1739 | D        | Bought a scroll of immolation for 42 gold pieces
  1743 | D        | Bought a potion of heal wounds for 55 gold pieces
  1743 | D        | Bought 2 potions of berserk rage for 110 gold pieces
  1743 | D        | Bought a potion of berserk rage for 55 gold pieces
  1743 | D        | Bought a potion of ambrosia for 88 gold pieces
  1902 | D        | Noticed Josephine
  1910 | D        | Received a gift from Trog
  1915 | D        | Killed Josephine
  2087 | D        | Noticed a rakshasa
  2087 | D        | Noticed a boulder beetle
  2098 | D        | Killed a boulder beetle
  2099 | D        | Noticed a deep troll earth mage
  2103 | D        | Noticed a cyan very ugly thing
  2105 | D        | Identified the +9 rapier of the Moth {vorpal, Str+5} (Trog
                  | gifted it to you in the Dungeon)
  2105 | D        | Received a gift from Trog
  2106 | D        | Noticed a rakshasa
  2112 | D        | Noticed a tengu warrior
  2113 | D        | Killed a rakshasa
  2122 | D        | Killed a cyan very ugly thing
  2125 | D        | Noticed a stone giant
  2130 | D        | Noticed a great orb of eyes
  2130 | D        | a slime creature changed into a great orb of eyes
  2135 | D        | Killed a deep troll earth mage
  2138 | D        | a great orb of eyes changed into a goliath frog
  2140 | D        | Noticed a bunyip
  2140 | D        | a goliath frog changed into a bunyip
  2141 | D        | Killed a rakshasa
  2141 | D        | Received a gift from Trog
  2144 | D        | Noticed an entropy weaver
  2144 | D        | a bunyip changed into an entropy weaver
  2145 | D        | Killed a tengu warrior
  2146 | D        | Noticed a storm dragon
  2146 | D        | an entropy weaver changed into a storm dragon
  2153 | D        | a storm dragon changed into something unseen
  2158 | D        | Killed a stone giant
  2158 | D        | Noticed an entropy weaver
  2160 | D        | Noticed a fenstrider witch
  2160 | D        | an entropy weaver changed into a fenstrider witch
  2166 | D        | Killed a fenstrider witch
  2167 | D        | Reached XP level 13. HP: 142/150 MP: 0/12
  2205 | D        | Noticed Erica
  2207 | D        | Noticed Rupert
  2211 | D        | Killed Erica
  2211 | D        | Received a gift from Trog
  2220 | D        | Killed Rupert
  2258 | D        | Noticed Snorg
  2266 | D        | Killed Snorg
  2271 | D        | Noticed Frances
  2286 | D        | Killed Frances
  2545 | D        | Received a gift from Trog
  2551 | D        | Reached skill level 1 in Throwing
  2993 | D        | Noticed an entropy weaver
  2993 | D        | Noticed a broodmother
  3003 | D        | Killed a broodmother
  3059 | D        | Received a gift from Trog
  3067 | D        | Killed an entropy weaver
  3070 | D        | Killed a ghost moth
  3071 | D        | Reached skill level 1 in Evocations
  3253 | D        | Noticed a nagaraja
  3259 | D        | Received a gift from Trog
  3268 | D        | Killed a nagaraja
  3277 | D        | Received a gift from Trog
  3426 | D        | Noticed a bunyip
  3426 | D        | Noticed an eleionoma
  3432 | D        | Killed an eleionoma
  3436 | D        | Received a gift from Trog
  3446 | D        | Killed a bunyip
  3447 | D        | Reached skill level 5 in Throwing
  3447 | D        | Reached XP level 14. HP: 165/165 MP: 13/13
  3721 | D        | Noticed a white very ugly thing
  3721 | D        | Noticed a stone giant
  3721 | D        | Noticed a stone giant
  3724 | D        | Killed a stone giant
  3724 | D        | Received a gift from Trog
  3725 | D        | Reached skill level 27 in Axes
  3725 | D        | Noticed a fire giant
  3725 | D        | Noticed a frost giant
  3727 | D        | Killed a stone giant
  3732 | D        | Killed a white very ugly thing
  3733 | D        | Noticed a stone giant
  3738 | D        | Reached skill level 27 in Fighting
  3742 | D        | Noticed a stone giant
  3744 | D        | Killed a fire giant
  3744 | D        | Received a gift from Trog
  3751 | D        | Noticed a vampire knight
  3754 | D        | Killed a frost giant
  3760 | D        | Noticed a stone giant
  3761 | D        | Mangled by a stone giant

Illustrated notes

Levels and vault maps discovered:
D:        linesprint [early_d, line_temple, items_1, d_10, items_2, lair_1,
          lair_end, items_3, orc_1, orc_end, items_4, d_15, swamp_1, shoals_1,
          snake_1, spider_1, d_20, vaults_1, items_5, swamp_end, shoals_end,
          snake_end, spider_end, vaults_end, d_27, items_6, zot_1, zot_end,
          crypt_end, forest_end, elf_end, slime_end, tomb_end, abyss_end,
          pan_hell_end]

Skill      XL: |  1  2  3  4  5  6  7  8  9 10 11 12 13 14 |
---------------+-------------------------------------------+-----
Fighting       | 6 8 11 12 13 15 16 18 21 23 26 27 | 27.0
Axes           | 6 8 11 12 13 16 18 20 22 24 26 27 | 27.0
Armour         | 3 4 6 7 9 10 12 16 19 22 23 | 23.8
Dodging        | 3 4 5 6 7 8 9 10 | 10.9
Stealth        | 1 |  1.1
Throwing       | 5 6 |  6.1
Evocations     | 2 3 |  3.4

Action                   |  1- 3 |  4- 6 |  7- 9 | 10-12 | 13-15 || total
-------------------------+-------+-------+-------+-------+-------++-------
Melee: Hand axe          |    17 |     8 |       |       |       ||    25
       Headbutt          |     3 |     2 |     7 |    68 |    45 ||   125
       Broad axe         |       |    10 |    41 |   310 |   116 ||   477
       Punch             |       |       |     1 |     5 |     3 ||     9
       Executioner's axe |       |       |       |       |    52 ||    52
Throw: Javelin           |       |       |       |       |    10 ||    10
Invok: Berserk           |     1 |     1 |     2 |     6 |     7 ||    17
       Brothers in Arms  |       |       |       |       |     1 ||     1
       Trog's Hand       |       |       |       |       |     1 ||     1
Evoke: Wand              |       |       |       |       |     7 ||     7
  Use: Potion            |       |       |     1 |     2 |     1 ||     4
       Scroll            |       |       |       |       |     3 ||     3
Armor: Animal skin       |     1 |       |       |       |       ||     1
       Plate armour      |       |     2 |    32 |   119 |    75 ||   228
Dodge: Dodged            |    10 |     4 |    22 |   125 |    68 ||   229

Table legend: (Time is in decaauts)
 A = Elapsed time spent in this place.
 B = Non-inter-level travel time spent in this place.
 C = Inter-level travel time spent in this place.
 D = Time resting spent in this place.
 E = Time spent auto-exploring this place.
 F = Levels seen in this place.
 G = Mean time per level.
                   A        B        C        D        E       F      G
               +--------+--------+--------+--------+--------+-----+--------+
         Total |   3743 |   3743 |      0 |   2113 |    166 |   1 | 3743.0 |
       Dungeon |   3743 |   3743 |      0 |   2113 |    166 |   1 | 3743.0 |
               +--------+--------+--------+--------+--------+-----+--------+

Top non-repeatable levels by time:
       D: 3743 daAuts
